 Dungeon Crawl Stone Soup version 0.29.0-7-g18a832c13a (webtiles) character file.

Game seed: 14614184626754632975

158 SnakkuSnakku7 the Magician (level 5, -1/44 HPs)
             Began as a Djinni Chaos Knight on Aug 30, 2022.
             Was a Plaything of Xom.
             Constricted to death by Grinder (2 damage)
             ... on level 3 of the Dungeon.
             The game lasted 00:03:16 (2094 turns).

SnakkuSnakku7 the Magician (Djinni Chaos Knight)    Turns: 2094, Time: 00:03:16

Health: -1/44      AC:  6    Str:  9    XL:     5   Next: 67%
Gold:   106        EV:  9    Int: 13    God:    Xom [....*.] SH:  0 Dex: 21

rFire   + + +      SeeInvis .   d - +2 mace (holy)
rCold   x x .      Faith    .   (no shield)
rNeg    + + .      Spirit   .   b - +2 leather armour
rPois   ∞          Reflect  .   n - +0 helmet
rElec   +          Harm     .   (no cloak)
rCorr   .          Rampage  .   (no gloves)
Will    .....                   (boots unavailable)
Stlth   ++........              (no amulet)
HPRegen 0.14/turn               o - ring of Piafuaga {rElec rF+ rC- rN++ MP+9}
MPRegen 0.00/turn               (no ring)

@: grasped by roots, flying, constricted
A: sickness immunity, fire resistance 2, cold vulnerability 1, float, innate
caster, HP casting, extra vitality 1, agile 2, robust 1, MP-powered wands
a: Renounce Religion


You were on level 3 of the Dungeon.
You worshipped Xom.
You were a beloved toy of Xom.
You visited 1 branch of the dungeon, and saw 3 of its levels.

You collected 106 gold pieces.

Inventory:

Hand Weapons
 a - a +0 falchion of chaos
 d - a +2 mace of holy wrath (weapon)
Armour
 b - a +2 leather armour (worn)
 n - a +0 helmet (worn)
Jewellery
 o - the ring of Piafuaga (left hand) {rElec rF+ rC- rN++ MP+9}
   (You found it on level 2 of the Dungeon)

   [ring of magical power]

   rF:        It protects you from fire.
   rC:        It makes you vulnerable to cold.
   rElec:     It insulates you from electricity.
   rN:        It greatly protects you from negative energy.
   MP:        It affects your magic capacity (+9).
Scrolls
 e - 2 scrolls of teleportation {unknown}
 g - 3 scrolls of identify {unknown}
 i - a scroll of vulnerability {unknown}
 l - a scroll of magic mapping {unknown}
 m - 2 scrolls of enchant weapon {unknown}
 s - a scroll of amnesia {unknown}
Potions
 f - a potion of ambrosia {unknown}
 h - 2 potions of curing {unknown}
 j - a potion of flight {unknown}
 k - a potion of berserk rage {unknown}
 p - 2 potions of attraction {unknown}
 q - a potion of invisibility {unknown}
 r - a potion of brilliance {unknown}
Miscellaneous
 c - a piece from Xom's chessboard (15/15)


   Skills:
 - Level 3.0 Fighting
 - Level 2.6 Long Blades
 - Level 1.0 Armour
 - Level 2.1 Dodging
 + Level 3.7 Spellcasting


You had 8 spell levels left.
You knew the following spells:

 Your Spells              Type           Power      Damage    Failure   Level
a - Necrotise             Necr           48%        1d6       6%          1
b - Blink                 Tloc           24%        N/A       10%         2
Your spell library was empty.

Dungeon Overview and Level Annotations

Branches:
Dungeon (3/15)

Altars:
Yredelemnul

Shops:
D:1 *

Annotations:
D:3 Grinder


Innate Abilities, Weirdness & Mutations

You are immune to sickness and miasma.
You are immune to poison.
Your flesh is very heat resistant. (rF++)
You are vulnerable to cold. (rC-)
You float through the air rather than walking.
You learn spells naturally, not from books.
Your magical power is your life essence.
You have superior vitality. (+4 MHP)
You are very agile. (Dex +8, Str/Int -2)
You are robust. (+10% HP)
You expend health (3 HP) to strengthen your wands.


Message History

Unknown command.
Grinder misses you.
Unknown command.
You hit Grinder but do no damage.
Grinder is heavily wounded.
Grinder hits you but does no damage.
You closely miss Grinder.
Grinder is heavily wounded.
The withered plant crumbles away.
Grinder gestures at you.
You suddenly lose the ability to move!
Grinder hits you!
* * * LOW HITPOINT WARNING * * *
You writhe in agony.
* * * LOW HITPOINT WARNING * * *
Grinder hits you but does no damage. x2
Grinder blinks!
You can move again.
Unknown command.
Grinder blinks!
Unknown command.
An endoplasm comes into view.
Grinder zaps a wand.
The roots erupt in riotous growth!
The grasping roots grab you!
The endoplasm is unaffected.
The grasping roots constrict you!
* * * LOW HITPOINT WARNING * * *
Unknown command.
You escape the roots grasp.
The endoplasm freezes you.
You are frozen.
* * * LOW HITPOINT WARNING * * *
Grinder zaps a wand.
The roots erupt in riotous growth!
The grasping roots grab you!
The endoplasm is unaffected.
The grasping roots constrict you.
* * * LOW HITPOINT WARNING * * *
The roots grasp on you weakens, but your attempt to escape fails.
The endoplasm hits you.
* * * LOW HITPOINT WARNING * * *
The grasping roots constrict you.
You die...
Xom chuckles heartily!

#..P.P......#
#..._.....#######
##.P....#........
#....?.#####..#.
###....## #....
#.#...###...
#.#..$..>.# #
#.#.....### ..#
#.#...#@..#....
#.5..J#....#.
#....##........
#..#.#####...##
#..#.# ..# #..#.#
# #..#.# #. #..
##


You could see Grinder and an endoplasm.

Vanquished Creatures
  Robin (D:2)
  A gnoll (D:1)
  2 worms (D:2)
  4 dart slugs
  2 orcs
  2 bats (D:2)
  6 endoplasms
  3 giant cockroaches
  6 goblins
  7 hobgoblins
  5 quokkas
  3 ball pythons
  4 frilled lizards
  6 kobolds
  2 rats
54 creatures vanquished.

Vanquished Creatures (collateral kills)
  Jessica (D:2)
  An orc wizard (D:2)
  A worm (D:2)
  A dart slug (D:2)
  2 orcs (D:2)
  A hobgoblin (D:1)
7 creatures vanquished.

Vanquished Creatures (others)
  A withered plant (D:3)
1 creature vanquished.

Grand Total: 62 creatures vanquished

Notes
Turn   | Place    | Note
-------+----------+-------------------------------------------
     0 | D:1      | SnakkuSnakku7 the Djinni Chaos Knight began the quest for
                  | the Orb.
     0 | D:1      | Reached XP level 1. HP: 20/20 MP: 0/0
    75 | D:1      | Reached skill level 1 in Spellcasting
    75 | D:1      | Reached XP level 2. HP: 23/25 MP: 0/0
   119 | D:1      | XOM: silly message
   166 | D:1      | Found Ucwiafif's General Store.
   219 | D:1      | Found a faded altar of an unknown god.
   258 | D:1      | Reached XP level 3. HP: 21/30 MP: 0/0
   258 | D:1      | Learned a level 1 spell: Necrotise
   609 | D:1      | You are sucked into a shaft and drop 1 floor!
   732 | D:2      | XOM: 2-stop teleportation journey
   735 | D:2      | XOM: confuse monster(s)
   745 | D:2      | Reached XP level 4. HP: 32/35 MP: 0/0
   859 | D:1      | XOM: divination: detect creatures
   903 | D:1      | XOM: give mutations
   903 | D:1      | Gained mutation: You expend health (3 HP) to strengthen
                  | your wands. [Xom's grace]
   903 | D:1      | Gained mutation: You are robust. (+10% HP) [Xom's grace]
   903 | D:1      | Gained mutation: You are agile. (Dex +4, Str/Int -1) [Xom's
                  | grace]
   903 | D:1      | Gained mutation: You are very agile. (Dex +8, Str/Int -2)
                  | [Xom's grace]
  1298 | D:2      | Noticed Robin
  1307 | D:2      | Killed Robin
  1477 | D:2      | Identified the ring of Piafuaga {rElec rF+ rC- rN++ MP+9}
  1543 | D:2      | Reached XP level 5. HP: 37/44 MP: 0/0
  1543 | D:2      | Learned a level 2 spell: Blink
  1659 | D:2      | Noticed Jessica
  1662 | D:2      | Killed Jessica
  1968 | D:3      | Found a basalt altar of Yredelemnul.
  1977 | D:3      | Noticed Grinder
  2083 | D:3      | XOM: destruction
  2086 | D:3      | Paralysed by Grinder for 4 turns
  2093 | D:3      | HP: 2/44 [constriction (2)]
  2094 | D:3      | Constricted to death by Grinder

Illustrated notes

Levels and vault maps discovered:
D:1:      dpeg_arrival_line_fractal, layout_basic, serial_shops,
          nicolae_shop_temple_entry_statues_fountains,
          hellmonk_ecumenical_altar_defaced_shrine
D:2:      layout_basic, st_stairs_11, roderic_cross_of_infinity,
          kennysheep_jessica_study, uniq_robin
D:3:      cheibrodos_fertilizer, layout_rooms, yredelemnul_altar_generic,
          uniq_grinder

Skill      XL: |  1  2  3  4 |
---------------+-------------+-----
Spellcasting   | 1 2 3 |  3.7
Fighting       | |  3.0
Long Blades    | |  2.6
Armour         | |  1.0
Dodging        | |  2.1

Action                   |  1- 3 |  4- 6 || total
-------------------------+-------+-------++-------
Melee: Mace              |    78 |    96 ||   174
       Falchion          |     2 |       ||     2
       Punch             |     1 |       ||     1
 Cast: Necrotise         |     8 |       ||     8
Evoke: Piece from Xom's  |     2 |       ||     2
 Stab: Petrified         |     5 |       ||     5
       Petrifying        |     1 |       ||     1
       Confused          |     1 |     1 ||     2
       Sleeping          |       |     2 ||     2
Armor: Leather armour    |    23 |    45 ||    68
Dodge: Dodged            |    50 |    73 ||   123
